 Dungeon Crawl Stone Soup version 0.30-a0-634-g8abc85282e (webtiles) character file.

Game seed: 9016518218475342676

114682 themarg the Martial Artist (level 16, -6/127 HPs)
             Began as a Gnoll Transmuter on Jan 14, 2023.
             Was an Initiate of Gozag.
             Mangled by a spark wasp (16 damage)
             ... on level 2 of the Spider Nest.
             The game lasted 02:06:57 (32502 turns).

themarg the Martial Artist (Gnoll Transmuter)      Turns: 32502, Time: 02:06:58

Health: -6/127     AC: 11    Str:  9    XL:     16   Next: 66%
Magic:  29/32      EV: 18    Int: 25    God:    Gozag
Gold:   4556       SH:  0    Dex: 15    Spells: 6/39 levels left

rFire   . . .      SeeInvis .      - Unarmed
rCold   . . .      Faith    .    (shield currently unavailable)
rNeg    + . .      Spirit   .    a - +2 robe {rN+}
rPois   +          Reflect  .    k - +2 helmet
rElec   .          Harm     .    G - +0 cloak
rCorr   .          Rampage  .    (gloves currently unavailable)
Will    +....                    H - +0 pair of boots
Stlth   +++++                    r - amulet of regeneration
HPRegen 1.21/turn                o - ring of poison resistance
MPRegen 0.23/turn                s - +6 ring of intelligence

@: mighty, blade hands (expiring), very slightly contaminated, studying Fire
Magic, invisible
A: fangs 1, strong nose, distributed training
a: End Transformation, Renounce Religion, Potion Petition, Call Merchant, Bribe
Branch


You were on level 2 of the Spider Nest.
You worshipped Gozag.
Gozag was most pleased with you.
You had blades for hands.
You visited 5 branches of the dungeon, and saw 25 of its levels.

You collected 9503 gold pieces.
You spent 656 gold pieces at shops.
You paid 4291 gold pieces to Gozag.

Inventory:

Missiles
 L - 5 curare-tipped darts
 U - 2 throwing nets
Armour
 a - a +2 robe of positive energy (worn)
 i - a +2 pair of gloves (melded)
 k - a +2 helmet (worn)
 A - a +0 buckler (melded)
 G - a +0 cloak (worn)
 H - a +0 pair of boots (worn)
Jewellery
 d - a ring of positive energy
 j - a ring of see invisible
 o - a ring of poison resistance (left blade hand)
 r - an amulet of regeneration (around neck)
 s - a +6 ring of intelligence (right blade hand)
 t - a ring of resist corrosion
 x - a ring of flight
 I - a ring of protection from fire
 R - a ring of wizardry
Wands
 f - a wand of polymorph (6)
 y - a wand of flame (52)
 E - a wand of digging (17)
 F - a wand of quicksilver (16)
 J - a wand of paralysis (4)
 P - a wand of mindburst (23)
 Z - a wand of roots (22)
Scrolls
 c - 2 scrolls of immolation
 e - 4 scrolls of fog
 l - 7 scrolls of teleportation
 q - 3 scrolls of vulnerability
 v - 2 scrolls of poison
 B - 6 scrolls of magic mapping
 D - 4 scrolls of blinking
 N - 2 scrolls of fear
 O - 4 scrolls of summoning
 V - 2 scrolls of torment
 W - 2 scrolls of amnesia
Potions
 b - 6 potions of lignification
 g - 2 potions of invisibility
 h - 5 potions of resistance
 m - 12 potions of curing
 n - 5 potions of berserk rage
 p - 2 potions of cancellation
 u - 3 potions of mutation
 z - 4 potions of flight
 C - 4 potions of brilliance
 K - 2 potions of heal wounds
 M - 4 potions of ambrosia
 Q - 4 potions of haste
 S - a potion of magic
 T - 6 potions of might
Miscellaneous
 w - a box of beasts
 X - a condenser vane
 Y - a phantom mirror


   Skills:
 + Level 11.7 Fighting
 + Level 11.4 Short Blades
 + Level 11.4 Long Blades
 + Level 11.4 Axes
 + Level 11.4 Maces & Flails
 + Level 11.4 Polearms
 + Level 11.4 Staves
 + Level 11.4 Ranged Weapons
 + Level 11.4 Throwing
 + Level 11.4 Armour
 + Level 12.3 Dodging
 + Level 11.4 Stealth
 + Level 11.4 Shields
 + Level 13.1 Unarmed Combat
 + Level 12.4 Spellcasting
 + Level 9.6 Conjurations
 + Level 9.6 Hexes
 + Level 9.6 Summonings
 + Level 9.6 Necromancy
 + Level 9.6 Translocations
 + Level 10.4 Transmutations
 + Level 12.8 Fire Magic
 + Level 9.6 Ice Magic
 + Level 9.6 Air Magic
 + Level 9.6 Earth Magic
 + Level 9.6 Poison Magic
 + Level 12.4 Invocations
 + Level 11.4 Evocations


You had 6 spell levels left.
You knew the following spells:

 Your Spells              Type           Power      Damage    Failure   Level
a - Beastly Appendage     Tmut           100%       N/A       6%          1
b - Wereblood             Tmut           61%        N/A       7%          2
c - Spider Form           Tmut/Pois      60%        N/A       9%          3
d - Ice Form              Ice/Tmut       60%        N/A       13%         4
e - Vhi's Electric Charg  Tloc/Air       100%       N/A       9%          3
f - Freezing Cloud        Conj/Ice/Air   29%        6-21      21%         5
g - Arcjolt               Conj/Air       29%        1d39      21%         5
h - Blade Hands           Tmut           30%        N/A       19%         5
i - Summon Forest         Summ/Tloc      29%        N/A       21%         5

Your spell library contained the following spells:

 Spells                   Type           Power      Damage    Failure   Level
 Scorch                   Fire           100%       2d10      4%          2
 Magic Dart               Conj           100%       1d8       6%          1
 Necrotise                Necr           100%       1d9       6%          1
 Slow                     Hex            100%       N/A       6%          1
 Ensorcelled Hibernation  Hex/Ice        100%       N/A       7%          2
 Searing Ray              Conj           100%       2d8       7%          2
 Ignite Poison            Fire/Tmut/Pois 63%        N/A       8%          3
 Kindle Blastsparks       Fire/Tloc/Air  100%       2d18      8%          3
 Confusing Touch          Hex            59%        N/A       9%          3
 Gell's Gravitas          Tloc           59%        N/A       9%          3
 Lesser Beckoning         Tloc           100%       N/A       9%          3
 Teleport Other           Tloc           59%        N/A       9%          3
 Vampiric Draining        Necr           59%        2d10      9%          3
 Flame Wave               Conj/Fire      64%        2d15      11%         4
 Anguish                  Hex/Necr       29%        N/A       13%         4
 Animate Armour           Summ/Erth      100%       N/A       13%         4
 Fulminant Prism          Conj/Hex       29%        3d14      13%         4
 Manifold Assault         Tloc           59%        N/A       13%         4
 Olgreb's Toxic Radiance  Pois           59%        N/A       13%         4
 Alistair's Intoxication  Tmut/Pois      40%        N/A       19%         5
 Agony                    Necr           59%        N/A       21%         5
 Dispersal                Tloc           29%        N/A       47%         6
 Iron Shot                Conj/Erth      29%        9d6       47%         6
 Summon Cactus Giant      Summ           29%        N/A       47%         6
 Malign Gateway           Summ/Tloc      29%        N/A       88%         7
 Maxwell's Capacitive Co  Air            29%        ∞         100%        8


Dungeon Overview and Level Annotations

Branches:
Dungeon (15/15)            Temple (1/1) D:6            Lair (5/5) D:10
  Swamp (0/4) Lair:2       Spider (2/4) Lair:3        Slime (0/5) Lair:4
    Orc (2/2) D:12            Elf (0/3) Orc:2        Vaults (0/5) D:13
 Depths (0/4) D:15

Altars:
Ashenzari
Cheibriados
Dithmenos
Elyvilon
Fedhas
Gozag
Hepliaklqana
Kikubaaqudgha
Makhleb
Nemelex Xobeh
Okawaru
Qazlal
Ru
Sif Muna
Trog
Uskayaw
Vehumet
Wu Jian
Xom
Yredelemnul
Zin
The Shining One

Shops:
D:5 =   D:10 ?   D:11 =   D:12 *   Orc:2 !**[=

Annotations:
D:13 exclusions: 2 doors and downstairs


Innate Abilities, Weirdness & Mutations

You have blades for hands.
Your spellcasting is less reliable in this form.
You are incapable of wielding weapons or throwing items.
You have very sharp teeth.
Your uncanny sense of smell can sniff out nearby items.
Your experience applies equally to all skills.


Message History

You barely miss the spark wasp.
The spark wasp is moderately wounded.
The spark wasp misses you. The spark wasp stings you!!
The spark wasp shocks you!
You slash the spark wasp!
The spark wasp is heavily wounded.
The spark wasp stings you! The spark wasp shocks you!
You slash the spark wasp!
The spark wasp is severely wounded.
You are no longer locked in place.
The spark wasp stings you. The spark wasp shocks you!
You hit the spark wasp but do no damage.
The spark wasp is severely wounded.
The spark wasp stings you. The spark wasp shocks you!
* * * LOW HITPOINT WARNING * * *
[a] - 308 gold - resistance and might [b] - 200 gold - resistance [c] - 276 gold - invisibility and might Purchase which effect?
You fade into invisibility!
You feel very mighty all of a sudden. The spark wasp closely misses you.
The spark wasp stings you.
* * * LOW HITPOINT WARNING * * *
The spark wasp shocks you!
* * * LOW HITPOINT WARNING * * *
You feel much better. The spark wasp misses you.
You slice the spark wasp!!
You bite the spark wasp, but do no damage.
The spark wasp is almost dead.
The spark wasp completely misses you.
You barely miss the spark wasp.
The spark wasp is almost dead.
Your transformation is almost over.
The spark wasp misses you.
You barely miss the spark wasp.
The spark wasp is almost dead.
The spark wasp stings you!!
* * * LOW HITPOINT WARNING * * *
The spark wasp shocks you!
You die...
Your body crumbles into a pile of gold.

........#.............##
.##...^#..........>...^#
...........#.##...#...#
..#...#...#.....##..#.##
...^.#.......^.####..^.#
.............#.## #...##
.#....>^#.......###...#
...#.#........#.....### $
.#..........#..y@^.~#
........#......#..##...## .
.......#..........#^.#... .
....#.#...^#.............#s
.............#..##.....s.^#
#.......^.#.....
........### .[......#
...... ..........##
...##.... ...[.
....#......# .........
#<..#


You could see a spark wasp (unable to see you).

Vanquished Creatures
  The ghost of IdlyInterested the Carver, a journeyman DsGl (Lair:5)
  An emperor scorpion (Spider:2)
  An orc warlord (Orc:1)
  Nessos (D:15)
  A fire dragon (Lair:5)
  An entropy weaver (Spider:1)
  4 hydras
  4 catoblepae (Lair:5)
  6 centaur warriors
  A death knight (D:14)
  3 ogre magi
  2 radroaches
  5 boulder beetles
  14 two-headed ogres
  A death yak (Lair:5)
  A vampire mage (D:14)
  An orc high priest (Orc:1)
  Sonja (Lair:4)
  Nergalle (D:11)
  The ghost of Hubris850 the Geomancer, a novice GrEE of Vehumet (D:10)
  A pharaoh ant (Spider:2)
  A skeletal warrior (D:14)
  2 deep trolls (Orc:2)
  3 orb spiders
  A swamp dragon (Lair:5)
  A golden dragon zombie (D:15)
  7 steelbarb worms
  3 deep elf pyromancers
  4 lindwurms (Lair:3)
  A shadow dragon zombie (D:15)
  2 orc sorcerers (Orc:1)
  A necromancer (D:15)
  11 ugly things
  8 cyclopes
  2 manticores (D:14)
  6 black mambas
  9 elephants
  A fire giant skeleton (D:15)
  2 demonic crawlers (Spider:1)
  Maurice (D:9)
  2 guardian serpents (D:11)
  Joseph (D:7)
  A gargoyle (D:7)
  4 torpor snails
  10 cane toads
  3 rime drakes
  5 kobold demonologists
  6 komodo dragons
  2 freezing wraiths (D:14)
  A guardian mummy (D:14)
  13 trolls
  2 polar bears (Lair:4)
  A tyrant leech (Lair:2)
  2 meliai (Spider:2)
  9 tarantellas
  3 hornets
  6 dream sheep (Lair:4)
  7 blink frogs (Lair:1)
  19 slime creatures
  11 jumping spiders
  4 wraiths
  6 culicivoras
  A centaur simulacrum (D:15)
  Eustachio (D:4)
  2 water elementals (D:15)
  7 wyverns
  37 yaks
  A vampire (D:9)
  3 steam dragons
  7 basilisks
  15 redbacks
  Menkaure (D:4)
  5 vampire mosquitoes
  A swamp worm (Lair:2)
  2 wargs (Orc:1)
  18 water moccasins
  3 acid dragons
  2 ice beasts
  2 sky beasts (D:8)
  14 orc warriors
  3 black bears
  3 swamp drakes
  23 ogres
  3 wolves (Lair:2)
  6 centaurs
  A kobold brigand (D:8)
  2 phantoms
  8 bullfrogs
  4 necrophages
  6 scorpions
  2 gnoll sergeants
  9 wights (D:8)
  13 killer bees
  6 electric eels
  A jelly (D:8)
  2 gnoll boudas
  Crazy Yiuf (D:7)
  15 orc priests
  9 iguanas
  27 orc wizards
  9 gnolls
  12 adders
  4 shadow imps (D:6)
  2 white imps
  2 ufetubi
  3 worms
  4 dart slugs
  64 orcs
  7 bats
  5 endoplasms
  3 giant cockroaches
  12 hobgoblins
  4 jackals (D:3)
  4 quokkas
  6 ball pythons
  4 frilled lizards
  7 goblins
  9 kobolds
  7 rats
  A bush (Lair:4)
  3 snaplasher vines
674 creatures vanquished.

Vanquished Creatures (collateral kills)
  Rupert (Spider:1)
  A spark wasp (Spider:1)
  An entropy weaver (Spider:1)
  3 two-headed ogres (D:15)
  A skeletal warrior (D:15)
  A steelbarb worm (Spider:2)
  An orb spider (Spider:1)
  2 wolf spiders
  3 ugly things (Spider:1)
  A manticore (D:15)
  A meliai (Spider:2)
  3 tarantellas
  3 jumping spiders
  3 redbacks
  A glowing shapeshifter skeleton (D:15)
  An ogre (D:15)
  A centaur (D:15)
28 creatures vanquished.

Vanquished Creatures (others)
  11 fungi
  32 plants
  10 snaplasher vines
  9 withered plants (D:15)
62 creatures vanquished.

Grand Total: 764 creatures vanquished

Notes
Turn   | Place    | Note
-------+----------+-------------------------------------------
     0 | D:1      | themarg the Gnoll Transmuter began the quest for the Orb.
     0 | D:1      | Reached XP level 1. HP: 17/17 MP: 6/6
     2 | D:1      | Noticed a minotaur
     2 | D:1      | Noticed a vine stalker
     4 | D:1      | Noticed an octopode
     4 | D:1      | Noticed an armataur
     6 | D:1      | Noticed a gargoyle
     6 | D:1      | Noticed a vampire
     8 | D:1      | Noticed a formicid
    10 | D:1      | Noticed a draconian
    10 | D:1      | Noticed a tengu
    12 | D:1      | Noticed a merfolk
    12 | D:1      | Noticed an ogre
    14 | D:1      | Noticed a human
    14 | D:1      | Noticed a demigod
    16 | D:1      | Noticed a ghoul
    16 | D:1      | Noticed a meteoran
    18 | D:1      | Noticed a spriggan
    18 | D:1      | Noticed a troll
    20 | D:1      | Noticed an elf
    22 | D:1      | Noticed a naga
    24 | D:1      | Noticed a felid
    26 | D:1      | Noticed a vine stalker
    26 | D:1      | Noticed a vine stalker
   167 | D:1      | Reached XP level 2. HP: 23/23 MP: 5/7
   170 | D:1      | Learned a level 2 spell: Wereblood
   901 | D:1      | Reached skill level 5 in Spellcasting
   901 | D:1      | Reached XP level 3. HP: 28/28 MP: 6/9
  1177 | D:2      | Reached skill level 1 in Invocations
  1361 | D:2      | Reached skill level 1 in Short Blades
  1361 | D:2      | Reached skill level 1 in Long Blades
  1361 | D:2      | Reached skill level 1 in Axes
  1361 | D:2      | Reached skill level 1 in Maces & Flails
  1361 | D:2      | Reached skill level 1 in Polearms
  1361 | D:2      | Reached skill level 1 in Staves
  1361 | D:2      | Reached skill level 1 in Ranged Weapons
  1361 | D:2      | Reached skill level 1 in Throwing
  1361 | D:2      | Reached skill level 1 in Armour
  1361 | D:2      | Reached skill level 1 in Stealth
  1361 | D:2      | Reached skill level 1 in Shields
  1361 | D:2      | Reached skill level 1 in Evocations
  1524 | D:2      | Reached XP level 4. HP: 34/34 MP: 9/11
  1572 | D:2      | Learned a level 3 spell: Spider Form
  1860 | D:2      | Reached skill level 1 in Conjurations
  1860 | D:2      | Reached skill level 1 in Hexes
  1860 | D:2      | Reached skill level 1 in Summonings
  1860 | D:2      | Reached skill level 1 in Necromancy
  1860 | D:2      | Reached skill level 1 in Translocations
  1860 | D:2      | Reached skill level 1 in Fire Magic
  1860 | D:2      | Reached skill level 1 in Ice Magic
  1860 | D:2      | Reached skill level 1 in Air Magic
  1860 | D:2      | Reached skill level 1 in Earth Magic
  1860 | D:2      | Reached skill level 1 in Poison Magic
  2739 | D:3      | Reached XP level 5. HP: 40/40 MP: 8/12
  2802 | D:3      | Found a faded altar of an unknown god.
  3436 | D:4      | Noticed a phantom
  3444 | D:4      | Noticed an orc warrior
  3445 | D:4      | Killed a phantom
  3446 | D:4      | Reached skill level 5 in Dodging
  3446 | D:4      | Reached XP level 6. HP: 39/47 MP: 11/14
  3637 | D:4      | Noticed Eustachio
  3660 | D:4      | Reached XP level 7. HP: 43/52 MP: 13/15
  3667 | D:4      | Reached skill level 7 in Unarmed Combat
  3696 | D:4      | Killed Eustachio
  3698 | D:4      | Noticed Menkaure
  3728 | D:4      | Killed Menkaure
  4153 | D:4      | Reached XP level 8. HP: 48/60 MP: 13/16
  4263 | D:5      | Entered Level 5 of the Dungeon
  4266 | D:5      | Found Hosoerch's Jewellery Shoppe.
  4657 | D:5      | Found an ornate altar of the Wu Jian Council.
  4956 | D:5      | Reached skill level 5 in Transmutations
  4967 | D:5      | Found a blossoming altar of Fedhas.
  4967 | D:5      | Found a hazy altar of Hepliaklqana.
  5161 | D:6      | Reached XP level 9. HP: 65/67 MP: 16/18
  5166 | D:6      | Learned a level 4 spell: Ice Form
  5170 | D:6      | Learned a level 3 spell: Vhi's Electric Charge
  5215 | D:6      | Found an ancient bone altar of Kikubaaqudgha.
  5216 | D:6      | Found a burning altar of Makhleb.
  5325 | D:6      | Reached skill level 5 in Fighting
  5342 | D:6      | Found a transporter.
  5354 | D:6      | Noticed a kobold demonologist
  5359 | D:6      | Found a transporter.
  5370 | D:6      | Noticed a kobold demonologist
  5769 | D:6      | Found a staircase to the Ecumenical Temple.
  5783 | Temple   | Entered the Ecumenical Temple
  5959 | Temple   | Became a worshipper of Gozag Ym Sagoz the Greedy
  6233 | D:7      | Noticed Joseph
  6256 | D:7      | Killed Joseph
  6257 | D:7      | Reached skill level 8 in Unarmed Combat
  6257 | D:7      | Reached skill level 5 in Invocations
  6313 | D:7      | Found a runed translucent door.
  6314 | D:7      | Noticed Crazy Yiuf
  6322 | D:7      | Killed Crazy Yiuf
  6534 | D:7      | Noticed a hornet
  6544 | D:7      | Killed a hornet
  6650 | D:7      | Noticed a gargoyle
  6663 | D:7      | Killed a gargoyle
  6664 | D:7      | Reached skill level 5 in Short Blades
  6664 | D:7      | Reached skill level 5 in Long Blades
  6664 | D:7      | Reached skill level 5 in Axes
  6664 | D:7      | Reached skill level 5 in Maces & Flails
  6664 | D:7      | Reached skill level 5 in Polearms
  6664 | D:7      | Reached skill level 5 in Staves
  6664 | D:7      | Reached skill level 5 in Ranged Weapons
  6664 | D:7      | Reached skill level 5 in Throwing
  6664 | D:7      | Reached skill level 5 in Armour
  6664 | D:7      | Reached skill level 5 in Stealth
  6664 | D:7      | Reached skill level 5 in Shields
  6664 | D:7      | Reached skill level 5 in Evocations
  6664 | D:7      | Reached XP level 10. HP: 53/76 MP: 16/20
  7463 | D:8      | Noticed a two-headed ogre
  7471 | D:8      | Killed a two-headed ogre
  7587 | D:8      | Reached skill level 5 in Fire Magic
  7787 | D:8      | Noticed a two-headed ogre
  7795 | D:8      | Killed a two-headed ogre
  7936 | D:8      | Reached skill level 9 in Unarmed Combat
  7939 | D:8      | Reached skill level 5 in Conjurations
  7939 | D:8      | Reached skill level 5 in Hexes
  7939 | D:8      | Reached skill level 5 in Summonings
  7939 | D:8      | Reached skill level 5 in Necromancy
  7939 | D:8      | Reached skill level 5 in Translocations
  7939 | D:8      | Reached skill level 5 in Ice Magic
  7939 | D:8      | Reached skill level 5 in Air Magic
  7939 | D:8      | Reached skill level 5 in Earth Magic
  7939 | D:8      | Reached skill level 5 in Poison Magic
  7939 | D:8      | Reached XP level 11. HP: 83/83 MP: 18/22
  8770 | D:9      | Found a white marble altar of Elyvilon.
  8828 | D:9      | Noticed Maurice
  8834 | D:9      | Paralysed by Maurice for 2 turns
  8851 | D:9      | Killed Maurice
  8938 | D:9      | Noticed a two-headed ogre
  8944 | D:9      | Killed a two-headed ogre
  9028 | D:9      | Found a basalt altar of Yredelemnul.
  9216 | D:9      | Learned a level 5 spell: Freezing Cloud
  9244 | D:10     | Entered Level 10 of the Dungeon
  9300 | D:10     | Found Nuogacoj's Magic Scroll Shop.
  9303 | D:10     | Bought a scroll of fear for 48 gold pieces
  9303 | D:10     | Bought a scroll of summoning for 114 gold pieces
  9320 | D:10     | Found a staircase to the Lair.
  9352 | D:10     | Found a runed translucent door.
  9352 | D:10     | Noticed Hubris850's ghost (novice GrEE)
 10673 | D:11     | Noticed a two-headed ogre
 10706 | D:11     | Killed a two-headed ogre
 10707 | D:11     | Reached XP level 12. HP: 85/91 MP: 24/24
 10852 | D:11     | Found Mooliasm's Jewellery Boutique.
 10885 | D:11     | Noticed Nergalle
 10893 | D:11     | Killed Nergalle
 11397 | D:11     | Learned a level 5 spell: Arcjolt
 11565 | D:6      | Reached skill level 10 in Unarmed Combat
 11753 | D:10     | Killed Hubris850's ghost
 11860 | D:10     | Bought a scroll of amnesia for 48 gold pieces
 11860 | D:10     | Bought a scroll of enchant armour for 90 gold pieces
 11882 | Lair:1   | Entered Level 1 of the Lair of Beasts
 13314 | Lair:2   | Reached XP level 13. HP: 99/99 MP: 7/26
 14180 | Lair:2   | Found a staircase to the Swamp.
 14630 | Lair:2   | Reached skill level 10 in Spellcasting
 15276 | Lair:3   | Found a hole to the Spider Nest.
 16067 | Lair:3   | Reached skill level 10 in Dodging
 16067 | Lair:3   | Reached skill level 11 in Unarmed Combat
 16068 | Lair:3   | HP: 4/101 [lindwurm (9)]
 16223 | Lair:3   | Identified the +3 falchion of Arin {spect, rF++ Dex+3}
 17059 | Lair:4   | Noticed Sonja
 17072 | Lair:4   | Killed Sonja
 17537 | Lair:4   | Found a staircase to the Slime Pits.
 17839 | Lair:5   | Entered Level 5 of the Lair of Beasts
 17916 | Lair:5   | Reached skill level 10 in Invocations
 17916 | Lair:5   | Reached XP level 14. HP: 108/108 MP: 12/28
 18071 | Lair:5   | Reached skill level 10 in Fire Magic
 18182 | Lair:5   | Identified the +5 ring mail of a treasure trove {rElec rN+}
 18437 | Lair:5   | Learned a level 5 spell: Blade Hands
 18445 | Lair:5   | Found a transporter.
 18447 | Lair:5   | Noticed IdlyInterested's ghost (journeyman DsGl)
 18541 | Lair:5   | Found a transporter.
 20218 | D:12     | Reached skill level 10 in Fighting
 20366 | D:12     | Found Tuumy's Demolitions Depot.
 20590 | D:12     | Found a staircase to the Orcish Mines.
 21545 | Orc:1    | Entered Level 1 of the Orcish Mines
 21545 | Orc:1    | Noticed an orc warlord
 21556 | Orc:1    | Killed an orc warlord
 22060 | Orc:2    | Entered Level 2 of the Orcish Mines
 22103 | Orc:2    | Found Beefatym's Jewellery Emporium.
 22145 | Orc:2    | Found a staircase to the Elven Halls.
 22299 | Orc:1    | You fall into a shaft and drop 1 floor!
 22673 | Orc:2    | Reached skill level 10 in Short Blades
 22673 | Orc:2    | Reached skill level 10 in Long Blades
 22673 | Orc:2    | Reached skill level 10 in Axes
 22673 | Orc:2    | Reached skill level 10 in Maces & Flails
 22673 | Orc:2    | Reached skill level 10 in Polearms
 22673 | Orc:2    | Reached skill level 10 in Staves
 22673 | Orc:2    | Reached skill level 10 in Ranged Weapons
 22673 | Orc:2    | Reached skill level 10 in Throwing
 22673 | Orc:2    | Reached skill level 10 in Armour
 22673 | Orc:2    | Reached skill level 10 in Stealth
 22673 | Orc:2    | Reached skill level 10 in Shields
 22673 | Orc:2    | Reached skill level 10 in Evocations
 22691 | Orc:2    | Reached skill level 12 in Unarmed Combat
 22691 | Orc:2    | Reached XP level 15. HP: 106/117 MP: 6/30
 22827 | Orc:2    | Upgraded the game from 0.30-a0-632-g346586fe48 to
                  | 0.30-a0-634-g8abc85282e
 23182 | Orc:2    | Found Dyhuxt's General Store.
 23186 | Orc:2    | Found Jorun's Distillery.
 23188 | Orc:2    | Found Ohagyg's Antique Armour Shoppe.
 23294 | Orc:2    | Found Ufosios's General Store.
 23553 | Orc:2    | Bought a potion of haste for 160 gold pieces
 23553 | Orc:2    | Bought a potion of cancellation for 128 gold pieces
 23562 | Orc:2    | Bought a scroll of identify for 34 gold pieces
 23562 | Orc:2    | Bought a scroll of identify for 34 gold pieces
 24125 | D:13     | Found a gate to the Vaults.
 24253 | D:13     | Identified a scroll of acquirement
 24256 | D:13     | Acquired Jyedgh's Papyrus of Degeneration and Direction
 24264 | D:13     | Learned a level 5 spell: Summon Forest
 24876 | D:13     | Identified the +1 pair of gloves "Duchontezen" {-Tele
                  | Str+7}
 25799 | D:14     | Found a sparkling altar of Nemelex Xobeh.
 26062 | D:14     | Acquired 687 gold pieces
 26600 | D:15     | Entered Level 15 of the Dungeon
 26912 | D:15     | Noticed Nessos
 26935 | D:15     | Killed Nessos
 28187 | D:15     | Found a staircase to the Depths.
 28716 | Lair:5   | Killed IdlyInterested's ghost
 28793 | Lair:5   | Acquired 663 gold pieces
 29255 | Spider:1 | Entered Level 1 of the Spider Nest
 29274 | Spider:1 | Reached skill level 10 in Transmutations
 29280 | Spider:1 | Reached XP level 16. HP: 69/125 MP: 26/32
 29812 | Spider:1 | Found a frozen archway.
 29888 | Spider:1 | Noticed Rupert
 29896 | Spider:1 | Killed Rupert
 31327 | Spider:2 | Reached skill level 13 in Unarmed Combat
 32502 | Spider:2 | Mangled by a spark wasp

Illustrated notes

Levels and vault maps discovered:
D:1:      kb_arrival_jail, layout_basic
D:2:      layout_basic
D:3:      kennysheep_six_static_rooms, layout_basic,
          nicolae_ecumenical_oubliette
D:4:      layout_rooms, guppyfry_early_orc_mine, uniq_menkaure, uniq_eustachio
D:5:      layout_gridville, grunt_temple_overflow_open,
          nzn_wu_jian_contemplation, serial_shops, nicolae_shop_trees
D:6:      gammafunk_wand_slinger, layout_basic, nicolae_overflow_squiral,
          minmay_temple_entry_statues_pillars, serial_glass, glass_columns_b,
          glass_columns_a, glass_columns_a
D:7:      layout_cave_pods, minmay_manual_mandibuliform,
          uniq_crazy_yiuf_cottage, uniq_joseph
D:8:      minmay_razor_zed, layout_basic, chequers_serial_rivers_small_b
D:9:      layout_long_grid, kennysheep_ying_yang, hangedman_decor_riveting,
          kennysheep_small_circle, uniq_maurice
D:10:     layout_loops_ring, dpeg_oklobed_lair, hellmonk_ghost_happy_afterlife,
          serial_shops, kennysheep_mini_moat, minivault_11
D:11:     nrook_guardian_serpent_snake_passage, layout_cave_pods, serial_shops,
          nicolae_shop_competitors_out_of_business, minmay_starry_boxes,
          uniq_nergalle
D:12:     layout_small_grid, erik_orc_1, nicolae_blasting_shop
D:13:     layout_stronghold, lightli_vaults_fourway_checkpoint
D:14:     layout_loops_corners, nemelex_spade_bored_becter
D:15:     gammafunk_depths_entry_grave, layout_basic, serial_park_paths
          [serial_park_minivault_5x5_5], uniq_nessos
Temple:   bh_familiar_temple
Lair:1:   layout_layer_cave, cheibrodos_lair_reptile_den, grunt_megastairs_1,
          infiniplex_staircase_pool_2
Lair:2:   layout_regular_city, palyth_hydra_swamp_entry, grunt_megastairs_2
Lair:3:   layout_gridlike, nicolae_spider_entry_orb_guardian, st_stairs_5,
          minmay_lindwurm_lava
Lair:4:   layout_loops_ring, dpeg_slime_entry_corner,
          nicolae_volcano_entry_lava_flow, lemuel_fruit_fields, uniq_sonja
Lair:5:   guppyfry_lair_end_dragon, layout_regular_city, gammafunk_ghost_arena
Spider:1: layout_cave_pods, portal_ice_cave_entry_ugly_swarm,
          hellmonk_narrow_tunnel, uniq_rupert
Spider:2: layout_spider_delve
Orc:1:    layout_caves, basic_altar
Orc:2:    st_orc_open, layout_caves, serial_shops, shop_fountains, basic_altar,
          abandoned_shop, nicolae_orc_rockfall

Skill      XL: |  1  2  3  4  5  6  7  8  9 10 11 12 13 14 15 16 |
---------------+-------------------------------------------------+-----
Spellcasting   | 5 6 7 8 9 10 11 12 | 12.4
Invocations    | 1 2 3 4 5 6 7 8 10 11 12 | 12.4
Short Blades   | 1 2 3 4 5 6 7 8 9 10 11 | 11.4
Long Blades    | 1 2 3 4 5 6 7 8 9 10 11 | 11.4
Axes           | 1 2 3 4 5 6 7 8 9 10 11 | 11.4
Maces & Flails | 1 2 3 4 5 6 7 8 9 10 11 | 11.4
Polearms       | 1 2 3 4 5 6 7 8 9 10 11 | 11.4
Staves         | 1 2 3 4 5 6 7 8 9 10 11 | 11.4
Ranged Weapons | 1 2 3 4 5 6 7 8 9 10 11 | 11.4
Throwing       | 1 2 3 4 5 6 7 8 9 10 11 | 11.4
Armour         | 1 2 3 4 5 6 7 8 9 10 11 | 11.4
Stealth        | 1 2 3 4 5 6 7 8 9 10 11 | 11.4
Shields        | 1 2 3 4 5 6 7 8 9 10 11 | 11.4
Evocations     | 1 2 3 4 5 6 7 8 9 10 11 | 11.4
Conjurations   | 1 2 3 4 5 6 7 8 9 |  9.6
Hexes          | 1 2 3 4 5 6 7 8 9 |  9.6
Summonings     | 1 2 3 4 5 6 7 8 9 |  9.6
Necromancy     | 1 2 3 4 5 6 7 8 9 |  9.6
Translocations | 1 2 3 4 5 6 7 8 9 |  9.6
Fire Magic     | 1 2 3 4 5 7 8 9 11 12 | 12.8
Ice Magic      | 1 2 3 4 5 6 7 8 9 |  9.6
Air Magic      | 1 2 3 4 5 6 7 8 9 |  9.6
Earth Magic    | 1 2 3 4 5 6 7 8 9 |  9.6
Poison Magic   | 1 2 3 4 5 6 7 8 9 |  9.6
Fighting       | 3 4 5 6 7 8 9 10 11 | 11.7
Transmutations | 4 5 6 7 8 9 10 | 10.4
Dodging        | 5 6 7 8 9 10 11 12 | 12.3
Unarmed Combat | 7 8 9 10 11 12 13 | 13.1

Action                   |  1- 3 |  4- 6 |  7- 9 | 10-12 | 13-15 | 16-18 || total
-------------------------+-------+-------+-------+-------+-------+-------++-------
Melee: Unarmed           |    83 |   119 |   257 |   467 |   499 |   146 ||  1571
       Kick              |    15 |     8 |       |       |       |       ||    23
       Headbutt          |     8 |     5 |       |       |       |       ||    13
       Punch             |     2 |     1 |     2 |       |    19 |    21 ||    45
       Bite              |     2 |     1 |       |     3 |    31 |    25 ||    62
 Cast: Beastly Appendage |    28 |     7 |       |       |       |       ||    35
       Spider Form       |       |    21 |    31 |     2 |     6 |       ||    60
       Wereblood         |       |     1 |     5 |     9 |     2 |       ||    17
       Ice Form          |       |       |     5 |    45 |    60 |       ||   110
       Vhi's Electric Ch |       |       |       |    10 |    26 |     4 ||    40
       Freezing Cloud    |       |       |       |     3 |   142 |    24 ||   169
       Arcjolt           |       |       |       |    12 |    41 |     6 ||    59
       Blade Hands       |       |       |       |       |    30 |    29 ||    59
       Summon Forest     |       |       |       |       |    12 |     8 ||    20
Invok: Potion Petition   |       |       |       |     1 |     5 |     2 ||     8
Evoke: Wand              |       |       |       |     7 |     3 |     4 ||    14
       Box of beasts     |       |       |       |       |       |     1 ||     1
       Phantom mirror    |       |       |       |       |       |     1 ||     1
  Use: Potion            |       |       |     3 |     2 |     1 |     3 ||     9
       Scroll            |       |       |     1 |     8 |    22 |       ||    31
 Stab: Sleeping          |     1 |     4 |     3 |     5 |       |       ||    13
       Distracted        |       |       |       |     3 |     5 |     2 ||    10
Armor: Robe              |    14 |     3 |     1 |       |    36 |    44 ||    98
       Skin              |       |     3 |    28 |    83 |    76 |       ||   190
Dodge: Dodged            |    45 |    81 |   203 |   271 |   355 |   119 ||  1074
Block: Buckler           |       |       |       |       |     5 |     1 ||     6

Table legend: (Time is in decaauts)
 A = Elapsed time spent in this place.
 B = Non-inter-level travel time spent in this place.
 C = Inter-level travel time spent in this place.
 D = Time resting spent in this place.
 E = Time spent auto-exploring this place.
 F = Levels seen in this place.
 G = Mean time per level.
                   A        B        C        D        E       F      G
               +--------+--------+--------+--------+--------+-----+--------+
         Total |  32288 |  29941 |   2347 |   4385 |  19712 |  25 | 1291.5 |
       Dungeon |  18047 |  16798 |   1249 |   1774 |  11839 |  15 | 1203.1 |
        Temple |    205 |    161 |     44 |      0 |    156 |   1 |  205.0 |
          Lair |   8647 |   7864 |    783 |    839 |   5792 |   5 | 1729.4 |
   Spider Nest |   3076 |   2999 |     77 |   1087 |   1020 |   2 | 1538.0 |
  Orcish Mines |   2310 |   2116 |    194 |    685 |    904 |   2 | 1155.0 |
               +--------+--------+--------+--------+--------+-----+--------+

Top non-repeatable levels by time:
  Lair:5: 2085 daAuts
Spider:1: 2023 daAuts
  Lair:2: 1856 daAuts
    D:14: 1820 daAuts
    D:12: 1784 daAuts
  Lair:1: 1664 daAuts
  Lair:3: 1631 daAuts
    D:15: 1563 daAuts
  Lair:4: 1410 daAuts
    D:11: 1313 daAuts
    D:10: 1245 daAuts
     D:3: 1222 daAuts
   Orc:2: 1205 daAuts
     D:8: 1140 daAuts
     D:1: 1106 daAuts
